 Dungeon Crawl Stone Soup version 0.29-a0-598-gd8304a5bf4 (webtiles) character file.

Game seed: 12134052132324089542

135 kyalle the Skirmisher (level 4, -2/41 HPs)
             Began as a Minotaur Fighter on June 15, 2022.
             Slain by a hornet zombie (8 damage)
             ... on level 3 of the Dungeon.
             The game lasted 00:08:39 (3363 turns).

kyalle the Skirmisher (Minotaur Fighter)            Turns: 3363, Time: 00:08:40

Health: -2/41      AC:  7    Str: 22    XL:     4   Next: 97%
Magic:  3/3        EV:  9    Int:  5    God:
Gold:   143        SH:  4    Dex: 10    Spells: 3/3 levels left

rFire   . . .      SeeInvis .   o - +2 falchion (holy)
rCold   . . .      Faith    .   c - +0 buckler
rNeg    . . .      Spirit   .   b - +0 scale mail
rPois   .          Reflect  .   (helmet restricted)
rElec   .          Harm     .   (no cloak)
rCorr   .          Rampage  .   (no gloves)
Will    .....                   (no boots)
Stlth   ..........              (no amulet)
HPRegen 0.13/turn               (no ring)
MPRegen 0.08/turn               (no ring)

@: no status effects
A: horns 2, retaliatory headbutt
a: no special abilities


You were on level 3 of the Dungeon.
You visited 1 branch of the dungeon, and saw 3 of its levels.

You collected 143 gold pieces.

Inventory:

Hand Weapons
 a - a +0 flail
 f - a +2 dagger of venom
 o - a +2 falchion of holy wrath (weapon)
Armour
 b - a +0 scale mail (worn)
 c - a +0 buckler (worn)
 g - a +1 plate armour
Jewellery
 i - a +4 ring of evasion
 m - a ring of willpower
Scrolls
 h - a scroll of enchant weapon
 l - 2 scrolls of identify
 n - a scroll of immolation {unknown}
Potions
 d - a potion of might
 e - 2 potions of brilliance
 j - a potion of lignification {unknown}
 k - a potion of attraction


   Skills:
 * Level 4.8 Fighting
 - Level 2.0(2.1) Short Blades
 * Level 0.9(1.7) Long Blades
 - Level 2.8 Maces & Flails
 + Level 4.4 Armour
 + Level 4.4 Shields


You had 3 spell levels left.
You didn't know any spells.
Your spell library contained the following spells:

 Spells                   Type           Power      Damage    Failure   Level
 Sting                    Tmut/Pois      0%         1d3       87%         1
 Summon Small Mammal      Summ           0%         N/A       87%         1
 Poisonous Vapours        Pois/Air       0%         N/A       95%         2
 Call Canine Familiar     Summ           0%         N/A       99%         3
 Summon Guardian Golem    Hex/Summ       0%         N/A       99%         3
 Olgreb's Toxic Radiance  Pois           0%         N/A       100%        4


Dungeon Overview and Level Annotations

Branches:
Dungeon (3/15)

Altars:

Annotations:
D:3 1 transporter, Heh's ghost, amateur OpMo


Innate Abilities, Weirdness & Mutations

You have a pair of horns on your head.
You reflexively headbutt those who attack you in melee.


Message History

Heh's ghost hits you but does no damage.
You closely miss the hornet zombie. Your headbutt misses the hornet zombie.
The hornet zombie is severely damaged.
The hornet zombie hits you!
The centaur zombie hits you but does no damage.
The centaur zombie barely misses you. Heh's ghost hits you.
The hornet zombie hits you!
* * * LOW HITPOINT WARNING * * *
You hit the hornet zombie.
The hornet zombie convulses.
The hornet zombie is severely damaged.
You block the centaur zombie's attack.
The centaur zombie kicks you but does no damage.
The hornet zombie barely misses you.
Heh's ghost hits you but does no damage.
The centaur zombie hits you but does no damage.
The centaur zombie kicks you.
* * * LOW HITPOINT WARNING * * *
You hit the hornet zombie.
The hornet zombie convulses.
The hornet zombie is severely damaged.
The hornet zombie hits you.
* * * LOW HITPOINT WARNING * * *
The centaur zombie barely misses you.
The centaur zombie kicks you but does no damage.
Heh's ghost hits you but does no damage.
You block the hornet zombie's attack.
You hit the hornet zombie but do no damage.
The hornet zombie is severely damaged.
The centaur zombie hits you but does no damage.
The centaur zombie barely misses you. Heh's ghost hits you.
* * * LOW HITPOINT WARNING * * *
You block the hornet zombie's attack.
The centaur zombie hits you but does no damage.
The centaur zombie kicks you but does no damage.
Heh's ghost hits you but does no damage.
You barely miss the hornet zombie.
The hornet zombie is severely damaged.
The hornet zombie hits you but does no damage.
The centaur zombie barely misses you. The centaur zombie closely misses you.
The hornet zombie hits you!
You die...

# #.................######..#.
# #.................# #..#. #
#..#############..# #..#. #
#..#...........#..## #.... #
#..#...........#...#####..#.
#..#..###.###..#..........#.
#..#..#8#.#8#..#...#####..#.
#..#$.....W....#...#####..##
#.©#=....©Z@...#©..#......##
#..#$.....Z....#...#..#...##
####..#..#8#.#8#..#............
#.....#..###.###.[#............
#.#...#........!..#...#.##..###
#.....#©..........#...#.##.....
###...#############.........##.
#.........................##.
#.....................#...##.


You could see Heh's ghost, a hornet zombie and a centaur zombie.

Vanquished Creatures
  A bullfrog skeleton (D:3)
  An orc wizard (D:3)
  An adder (D:2)
  A dart slug (D:2)
  11 orcs (D:3)
  7 ball pythons
  2 bats
  5 endoplasms
  5 giant cockroaches
  4 goblins
  A hobgoblin (D:3)
  2 quokkas
  3 frilled lizards
  4 kobolds
  6 rats
54 creatures vanquished.

Notes
Turn   | Place    | Note
-------+----------+-------------------------------------------
     0 | D:1      | kyalle the Minotaur Fighter began the quest for the Orb.
     0 | D:1      | Reached XP level 1. HP: 19/19 MP: 0/0
   295 | D:1      | Reached XP level 2. HP: 27/27 MP: 1/1
   770 | D:1      | Found a faded altar of an unknown god.
  1452 | D:2      | Reached XP level 3. HP: 30/33 MP: 2/2
  1591 | D:2      | Reached skill level 1 in Short Blades
  2261 | D:3      | Reached XP level 4. HP: 18/41 MP: 3/3
  2784 | D:3      | Found a transporter.
  2784 | D:3      | Noticed Heh's ghost (amateur OpMo)
  2822 | D:3      | Found a transporter.
  3363 | D:3      | Slain by a hornet zombie

Illustrated notes

Levels and vault maps discovered:
D:1:      wander_arrival_chamber, layout_basic,
          hellmonk_ecumenical_altar_arch_garden
D:2:      layout_basic
D:3:      layout_basic, gammafunk_ghost_mausoleum

Skill      XL: |  1  2  3  4 |
---------------+-------------+-----
Fighting       | 4 |  4.8
Armour         | 4 |  4.4
Shields        | 4 |  4.4
Short Blades   | 1 2 |  2.0
Long Blades    | |  0.9
Maces & Flails | |  2.8

Action                   |  1- 3 |  4- 6 || total
-------------------------+-------+-------++-------
Melee: Flail             |    26 |       ||    26
       Headbutt          |    14 |     5 ||    19
       Dagger            |    57 |    16 ||    73
       Falchion          |       |    14 ||    14
  Use: Scroll            |     6 |       ||     6
Armor: Scale mail        |    42 |    28 ||    70
Dodge: Dodged            |    41 |    27 ||    68
Block: Buckler           |    20 |    12 ||    32

Table legend: (Time is in decaauts)
 A = Elapsed time spent in this place.
 B = Non-inter-level travel time spent in this place.
 C = Inter-level travel time spent in this place.
 D = Time resting spent in this place.
 E = Time spent auto-exploring this place.
 F = Levels seen in this place.
 G = Mean time per level.
                   A        B        C        D        E       F      G
               +--------+--------+--------+--------+--------+-----+--------+
         Total |   3372 |   3039 |    333 |      0 |   2455 |   3 | 1124.0 |
       Dungeon |   3372 |   3039 |    333 |      0 |   2455 |   3 | 1124.0 |
               +--------+--------+--------+--------+--------+-----+--------+

Top non-repeatable levels by time:
     D:3: 1256 daAuts
     D:1: 1207 daAuts
     D:2: 909 daAuts
